cohdb
Replays
Latest Replays
All Replays
Popular Replays
Top Player Replays
Match Explorer
How It Works
Community
CoH3 Stats
Reddit
Sign in to upload your games and track your stats! →
Sign in with Steam
Match 42077424
Unlisted
Match 42077424
Overview
Messages
Build Orders
End
Construct Weapon Support Center
M1919 Machine Gun Team
Bazooka Squad
Selects Heavy Weapons
Engineer Squad
Construct Barracks
Riflemen Squad
.30 cal Machine Gun
Selects M2HB .50cal Heavy Machine Gun
Riflemen Squad
Grenade Package
Mortar Pit
Mechanized Support Center
.30 cal Machine Gun
Construct Medical Station
Selects Assault Carriers
Improved M9 Bazooka Rockets
M3 Assault Carrier
Selects Exchangeable Parts
M1918 Browning Automatic Rifles
.30 cal Machine Gun
Bazooka Squad
Construct Motor Pool
M1 Anti-tank Gun Team
Construct Tank Depot
Salvage Crew
M4A1 Sherman Medium Tank
darth vader
ASPEKTAKLE
vladimir 3abasov
Olumiant
Elbehiri
Moltke1871
DaNTe
L1mbo
0
0
Comments
sign in to comment!
No comments posted yet!